 Dungeon Crawl Stone Soup version 0.28.0-45-g0d030f2227 (webtiles) character file.

Game seed: 849297257947361311

1140 Iusername the Slasher (level 8, -3/64 (70) HPs)
             Began as a Minotaur Fighter on Apr 4, 2022.
             Slain by a wight
             ... wielding a +5 spear
              (5 damage)
             ... on level 5 of the Dungeon.
             The game lasted 00:12:51 (4703 turns).

Iusername the Slasher (Minotaur Fighter)            Turns: 4703, Time: 00:12:52

HP:   -3/64 (70)    AC: 14    Str: 22    XL:     8   Next: 14%
MP:   7/7           EV:  6    Int: 11    God:
Gold: 237           SH:  4    Dex:  9    Spells: 7/7 levels left

rFire   . . .      SeeInvis .   e - +11 whip of Ora Hoco {elec, rElec Int+4}
rCold   . . .      Faith    .   c - +0 buckler
rNeg    . . .      Spirit   .   r - +1 plate armour {rPois}
rPois   +          Reflect  .   (helmet restricted)
rElec   +          Harm     .   (no cloak)
rCorr   .          Rampage  .   (no gloves)
Will    .....                   (no boots)
Stlth   ..........              (no amulet)
HPRegen 0.20/turn               f - ring of poison resistance
MPRegen 0.10/turn               o - +4 ring of slaying

@: mighty, drained
A: horns 2, retaliatory headbutt
a: no special abilities


You were on level 5 of the Dungeon.
You visited 1 branch of the dungeon, and saw 5 of its levels.

You collected 237 gold pieces.

Inventory:

Hand Weapons
 a - a +1 long sword of freezing
 e - the +11 whip of Ora Hoco (weapon) {elec, rElec Int+4}
   (You found it on level 4 of the Dungeon)

   It occasionally discharges a powerful burst of electricity upon striking a
   foe.
   Int:       It affects your intelligence (+4).
   rElec:     It insulates you from electricity.
 l - a +0 whip of venom
Missiles
 p - 19 poisoned darts (quivered)
Armour
 b - a +0 scale mail
 c - a +0 buckler (worn)
 r - a +1 plate armour of poison resistance (worn)
Jewellery
 f - a ring of poison resistance (left hand)
 o - a +4 ring of slaying (right hand)
Wands
 i - a wand of charming (10)
 s - a wand of iceblast (4)
 t - a wand of flame (34)
Scrolls
 k - a scroll of torment
 m - a scroll of brand weapon
 n - a scroll of vulnerability
 u - a scroll of blinking {unknown}
Potions
 d - 3 potions of might
 h - 3 potions of degeneration
 j - a potion of mutation
 q - a potion of lignification {unknown}
 v - a potion of attraction
 w - a potion of heal wounds {unknown}
 x - 2 potions of haste


   Skills:
 + Level 6.0 Fighting
 + Level 7.0 Long Blades
 + Level 2.3 Maces & Flails
 + Level 1.3 Throwing
 + Level 6.8 Armour
 + Level 1.3 Dodging
 + Level 1.3 Stealth
 + Level 5.1 Shields


You had 7 spell levels left.
You didn't know any spells.
Your spell library contained the following spells:

 Spells                   Type           Power      Damage    Failure   Level
 Slow                     Hex            0%         N/A       100%        1
 Confusing Touch          Hex            0%         N/A       100%        3
 Vampiric Draining        Necr           0%         2d6       100%        3


Dungeon Overview and Level Annotations

Branches:
Dungeon (5/15)
 Temple: D:4-7

Altars:
Wu Jian

Shops:
D:2 :

Annotations:
D:5 1 runed translucent door, Crazy Yiuf


Innate Abilities, Weirdness & Mutations

You have a pair of horns on your head.
You reflexively headbutt those who attack you in melee.


Message History

The wight barely misses you. You furiously retaliate!
You headbutt the wight. The adder barely misses you.
The wight hits you but does no damage.
You closely miss the wight. You headbutt the wight!
The wight is heavily damaged.
You feel sick. You block the adder's attack.
The wight hits you but does no damage. The wight hits you with a +5 spear.
* * * LOW HITPOINT WARNING * * *
The wight hits you but does no damage.
You whack the wight!
You destroy the wight!
You feel sick. The adder barely misses you.
The wight hits you but does no damage. The wight hits you with a +2 mace.
* * * LOW HITPOINT WARNING * * *
You hit the wight.
The wight is moderately damaged.
You feel sick. The adder bites you but does no damage.
The wight barely misses you. The wight hits you with a +2 mace.
* * * LOW HITPOINT WARNING * * *
The adder bites you but does no damage.
You whack the wight! Your headbutt misses the wight.
The wight is almost destroyed.
You feel sick.
You are no longer poisoned.
The adder barely misses you. The wight hits you with a +5 spear.
* * * LOW HITPOINT WARNING * * *
You feel drained. The wight hits you with a +2 mace.
* * * LOW HITPOINT WARNING * * *
You feel better. The adder closely misses you. The wight barely misses you.
You block the wight's attack.
Unknown command.
You feel very mighty all of a sudden. The adder barely misses you.
The wight hits you but does no damage. The wight hits you with a +2 mace!
* * * LOW HITPOINT WARNING * * *
The adder closely misses you. You furiously retaliate!
You headbutt the adder!
You kill the adder!
You barely miss the wight.
The wight is almost destroyed.
The wight hits you with a +5 spear.
You die...

#.# ##...## #.##
##+## #.# #. #.#
#.# ### #.# ##..
..# #.#
####...###.# #.#
........##.# #.#
#....z...######.#
#...z@).........#
###.#....########
# ####.# ..# ####


You could see 2 wights.

Vanquished Creatures
  Pikel (D:5)
  2 black bears (D:5)
  A sky beast (D:5)
  A kobold brigand (D:5)
  A lemure (D:5)
  2 wights (D:5)
  2 howler monkeys
  A bullfrog skeleton (D:4)
  A centaur skeleton (D:4)
  4 adders
  A river rat (D:5)
  An adder skeleton (D:4)
  3 worms (D:2)
  2 dart slugs (D:1)
  10 orcs
  6 bats
  5 endoplasms
  4 giant cockroaches
  5 goblins
  5 hobgoblins
  11 jackals (D:1)
  4 quokkas
  9 ball pythons
  9 frilled lizards
  11 kobolds
  5 rats
107 creatures vanquished.

Vanquished Creatures (others)
  A plant (D:1)
1 creature vanquished.

Grand Total: 108 creatures vanquished

Notes
Turn   | Place    | Note
-------+----------+-------------------------------------------
     0 | D:1      | Iusername the Minotaur Fighter began the quest for the Orb.
     0 | D:1      | Reached XP level 1. HP: 19/19 MP: 0/0
    78 | D:1      | Reached XP level 2. HP: 21/27 MP: 1/1
   670 | D:1      | Reached skill level 3 in Long Blades
   737 | D:1      | Reached XP level 3. HP: 15/33 MP: 2/2
  1271 | D:1      | Found a faded altar of an unknown god.
  1413 | D:2      | Found Xepuh's Book Shop.
  2150 | D:2      | Reached XP level 4. HP: 40/40 MP: 3/3
  2876 | D:3      | Reached skill level 1 in Dodging
  3298 | D:3      | Found an ornate altar of the Wu Jian Council.
  3449 | D:4      | Reached skill level 4 in Long Blades
  3449 | D:4      | Reached XP level 5. HP: 37/47 MP: 4/4
  3662 | D:4      | Identified the +11 whip of Ora Hoco {elec, rElec Int+4}
  3835 | D:4      | Reached skill level 5 in Fighting
  3835 | D:4      | Reached skill level 5 in Armour
  3995 | D:5      | Entered Level 5 of the Dungeon
  3995 | D:5      | Noticed a lemure
  3995 | D:5      | Noticed a lemure
  3996 | D:5      | Noticed a lemure
  3997 | D:5      | Noticed Pikel
  3997 | D:5      | Noticed a lemure
  4003 | D:5      | Killed a lemure
  4004 | D:5      | Noticed a black bear
  4006 | D:5      | Killed Pikel
  4007 | D:5      | Reached skill level 6 in Long Blades
  4007 | D:5      | Reached skill level 1 in Maces & Flails
  4007 | D:5      | Reached skill level 1 in Throwing
  4007 | D:5      | Reached XP level 6. HP: 56/56 MP: 5/5
  4007 | D:5      | Reached XP level 7. HP: 61/61 MP: 6/6
  4053 | D:5      | Reached skill level 5 in Shields
  4247 | D:5      | Found a glowing drain.
  4583 | D:5      | Reached XP level 8. HP: 66/70 MP: 7/7
  4608 | D:5      | Found a runed translucent door.
  4609 | D:5      | Noticed Crazy Yiuf
  4693 | D:5      | Reached skill level 7 in Long Blades
  4695 | D:5      | Reached skill level 1 in Stealth
  4700 | D:5      | HP: 3/64 [wight/+2 mace (4)]
  4703 | D:5      | Slain by a wight

Illustrated notes

Levels and vault maps discovered:
D:1:      saegor_arrival_simple_c, layout_basic,
          shapermc_ecumenical_altar_hornbeckon, minmay_lizard_king
D:2:      layout_loops_ring, serial_shops, shop
D:3:      layout_basic, pdpol_wu_jian_five_deadly_venoms,
          kennysheep_generic_room_13
D:4:      layout_cave_pools
D:5:      layout_loops_corners, kennysheep_okawaru_gauntlet,
          minmay_temple_entry_enclosed_plants, gup_sewer_entry_spiral,
          hangedman_abyss_or_decor_stabs, uniq_pikel, uniq_crazy_yiuf_cottage,
          uniq_eustachio

Skill      XL: |  1  2  3  4  5  6  7  8 |
---------------+-------------------------+-----
Shields        | 4 5 |  5.1
Long Blades    | 3 4 6 7 |  7.0
Armour         | 4 5 6 |  6.8
Fighting       | 4 5 6 |  6.0
Dodging        | 1 |  1.3
Maces & Flails | 1 2 |  2.3
Throwing       | 1 |  1.3
Stealth        | 1 |  1.3

Action                   |  1- 3 |  4- 6 |  7- 9 || total
-------------------------+-------+-------+-------++-------
Melee: Long sword        |    89 |    71 |       ||   160
       Headbutt          |    10 |    14 |     6 ||    30
       Whip              |       |    20 |    45 ||    65
Throw: Dart              |       |     5 |       ||     5
  Use: Scroll            |       |    13 |       ||    13
       Potion            |       |       |     2 ||     2
Armor: Scale mail        |    53 |    23 |       ||    76
       Plate armour      |       |    43 |    47 ||    90
Dodge: Dodged            |    63 |    46 |    22 ||   131
Block: Buckler           |    38 |    22 |    12 ||    72
